 Dungeon Crawl Stone Soup version 0.23-a0-242-g2b5ca64 (webtiles) character file.

4893 galech the Cleaver (level 10, -7/77 HPs)
             Began as a Demonspawn Fighter on Sept 28, 2018.
             Was a Priest of Okawaru.
             Mangled by a vampire (9 damage)
             ... on level 8 of the Dungeon.
             The game lasted 00:13:23 (8460 turns).

galech the Cleaver (Demonspawn Fighter)             Turns: 8460, Time: 00:13:24

Health: -7/77      AC: 15    Str: 17    XL:     10   Next: 26%
Magic:  0/10       EV:  4    Int: 10    God:    Okawaru [***...]
Gold:   501        SH: 18    Dex: 15    Spells: 9/9 levels left

rFire    . . .     SeeInvis .   B - +4 war axe
rCold    . . .     Gourm    .   o - +3 large shield
rNeg     . . .     Faith    .   v - +2 chain mail {MR+}
rPois    .         Spirit   +   (helmet unavailable)
rElec    .         Reflect  .   (no cloak)
rCorr    .         Harm     .   (no gloves)
MR       +....                  (no boots)
Stlth    ..........             (no amulet)
HPRegen  0.22/turn              l - +3 ring of protection
MPRegen  0.24/turn              (no ring)

@: no status effects
A: horns 3, demonic guardian 1, magic shield, magic regeneration
a: Heroism, Renounce Religion


You were on level 8 of the Dungeon.
You worshipped Okawaru.
Okawaru was most pleased with you.
You were not hungry.

You visited 2 branches of the dungeon, and saw 9 of its levels.
You also visited: Sewer.

You collected 649 gold pieces.
You spent 148 gold pieces at shops.

Inventory:

Hand Weapons
 g - a +0 war axe
 B - a +4 war axe (weapon)
Armour
 o - a +3 large shield (worn)
 v - a +2 chain mail of magic resistance (worn)
Jewellery
 l - a +3 ring of protection (left hand)
 t - an uncursed ring of fire
Wands
 q - a wand of iceblast (11)
 y - a wand of acid (4)
 D - a wand of paralysis (12)
 G - a wand of polymorph (5)
 H - a wand of flame (19)
Scrolls
 b - 3 scrolls of remove curse
 h - 2 scrolls of amnesia
 j - 2 scrolls of magic mapping
 m - 2 scrolls of immolation
 s - 2 scrolls of enchant armour
 u - 2 scrolls of enchant weapon
 A - a scroll of identify
 C - 2 scrolls of teleportation
 F - a scroll of noise {unknown}
 I - a scroll of blinking {unknown}
Potions
 c - a potion of resistance
 d - a potion of might
 e - 4 potions of ambrosia {unknown}
 i - a potion of haste {unknown}
 k - 3 potions of flight
 n - a potion of mutation {unknown}
 p - a potion of magic
 r - 2 potions of heal wounds {unknown}
 w - 5 potions of agility {unknown}
 x - 4 potions of lignification {unknown}
 z - a potion of brilliance
 E - a potion of degeneration {unknown}
Comestibles
 f - 14 rations


   Skills:
 + Level 6.3 Fighting
 + Level 9.1 Axes
 + Level 5.8 Armour
 + Level 2.2 Dodging
 + Level 1.5 Stealth
 + Level 7.7 Shields
 + Level 0.4 Invocations


You had 9 spell levels left.
You didn't know any spells.
Your spell library contained the following spells:

 Spells                   Type           Power        Failure   Level  Hunger
 Beastly Appendage        Tmut           #.....       100%        1    ##.....
 Shock                    Conj/Air       #...         100%        1    ##.....
 Sticks to Snakes         Tmut           #.......     100%        2    ###....
 Swiftness                Chrm/Air       #.......     100%        2    ###....
 Spider Form              Tmut/Pois      #.........   100%        3    ####...
 Static Discharge         Conj/Air       #.......     100%        3    ####...
 Airstrike                Air            #.........   100%        4    #####..
 Ice Form                 Ice/Tmut       #.......     100%        4    #####..
 Blade Hands              Tmut           #.........   100%        5    ######.
 Lightning Bolt           Conj/Air       #.........   100%        5    ######.


Dungeon Overview and Level Annotations

Branches:
Dungeon (8/15)             Temple (1/1) D:5            Lair (0/6) D:8

Altars:
Ashenzari
Cheibriados
Dithmenos
Elyvilon
Fedhas
Gozag
Hepliaklqana
Kikubaaqudgha
Makhleb
Nemelex Xobeh
Okawaru
Qazlal
Ru
Trog
Uskayaw
Vehumet
Wu Jian
Xom
Yredelemnul
The Shining One

Shops:
D:4 :*}

Annotations:
D:8 3 runed doors, Harold


Innate Abilities, Weirdness & Mutations

You have a pair of large horns on your head.
A weak demonic guardian rushes to your aid.
When hurt, damage is shared between your health and your magic reserves.
You regenerate magic rapidly.


Message History

Something draws strength from your injuries!
You hit something.
You feel like a meek peon again. You block something's attack.
Something bites you.
* * * LOW HITPOINT WARNING * * *
Something draws strength from your injuries!
You barely miss something. Your headbutt misses something.
Something hits you but does no damage. Something bites you.
* * * LOW HITPOINT WARNING * * *
Something draws strength from your injuries!
You hit something. Something hits you but does no damage.
Something bites you but does no damage.
You hit something but do no damage. You headbutt something. Something hits you.
* * * LOW HITPOINT WARNING * * *
Something bites you!
* * * LOW HITPOINT WARNING * * *
Something draws strength from your injuries!
You block something's attack. Something bites you but does no damage.
You miss something. You headbutt something. Something hits you!
You die...

..#.....##........).....
#....... #..............
... #........##...# ..
#........######
#.......>......
#..............
#........##...#
########........##...#
#....@##.........'....
#....{...........#....
#................#....
#.....###'###...##.)##
#.....##...##...##..##
#...........#...#...#.
#...........#...#...#.
#<..........#...##..##
#...........#...##..##


There were no monsters in sight!

Vanquished Creatures
  Pikel (D:8)
  An ugly thing (D:8)
  Psyche (D:8)
  Joseph (D:7)
  A hippogriff (D:8)
  An ice beast (D:6)
  A black bear (D:5)
  2 slaves (D:8)
  An orc warrior (D:8)
  2 phantoms
  5 ogres
  2 big kobolds
  2 bullfrogs
  A water moccasin zombie (D:5)
  A scorpion (D:4)
  A wyvern skeleton (D:8)
  5 wights (D:7)
  4 howler monkeys
  2 crimson imps
  A centaur zombie (D:7)
  A bullfrog skeleton (D:7)
  2 hounds
  4 orc wizards
  4 orc priests
  4 iguanas
  Jessica (D:2)
  3 worker ants
  A killer bee zombie (D:6)
  2 hound skeletons
  11 adders
  9 gnolls
  4 river rats (Sewer)
  2 shadow imps
  2 adder zombies
  A worm (D:2)
  4 dart slugs (D:1)
  4 leopard geckos
  13 orcs
  13 giant cockroaches
  6 goblins
  9 hobgoblins
  16 jackals
  4 quokkas
  2 ball pythons
  5 bats
  4 frilled lizards
  A giant cockroach zombie (D:6)
  13 kobolds
  A leopard gecko skeleton (D:4)
  2 quokka skeletons
  9 rats
193 creatures vanquished.

Vanquished Creatures (collateral kills)
  Maurice (D:8)
  2 ice beasts (D:5)
  A black bear (D:8)
  An ogre (D:7)
  An orc wizard (D:8)
  A hound (D:8)
  2 orcs
9 creatures vanquished.

Vanquished Creatures (others)
  A hungry ghost (D:8)
1 creature vanquished.

Grand Total: 203 creatures vanquished

Notes
Turn   | Place    | Note
-------+----------+-------------------------------------------
     0 | D:1      | galech the Demonspawn Fighter began the quest for the Orb.
     0 | D:1      | Reached XP level 1. HP: 18/18 MP: 1/1
    99 | D:1      | Gained mutation: When hurt, damage is shared between your
                  | health and your magic reserves. [demonic ancestry]
    99 | D:1      | Reached XP level 2. HP: 24/24 MP: 2/2
   244 | D:1      | Reached skill level 2 in Axes
   412 | D:1      | Gained mutation: You have a pair of small horns on your
                  | head. [demonic ancestry]
   412 | D:1      | Reached XP level 3. HP: 22/29 MP: 1/3
  1079 | D:1      | Gained mutation: You regenerate magic rapidly. [demonic
                  | ancestry]
  1079 | D:1      | Reached XP level 4. HP: 20/35 MP: 2/4
  1694 | D:2      | Found a shadowy altar of Dithmenos.
  1713 | D:2      | Reached skill level 3 in Axes
  1713 | D:2      | Gained mutation: You have a pair of horns on your head.
                  | [demonic ancestry]
  1713 | D:2      | Reached XP level 5. HP: 12/41 MP: 3/5
  2188 | D:2      | Noticed Jessica
  2193 | D:2      | Killed Jessica
  3114 | D:4      | Found Hauloeji's General Store.
  3221 | D:4      | Gained mutation: A weak demonic guardian rushes to your
                  | aid. [demonic ancestry]
  3221 | D:4      | Reached XP level 6. HP: 47/48 MP: 6/6
  3227 | D:4      | Found a glowing drain.
  3242 | Sewer    | Entered a sewer
  3336 | Sewer    | Found a white marble altar of Elyvilon.
  3466 | D:4      | Reached skill level 4 in Axes
  3579 | D:4      | Found Meudwia's Gadget Emporium.
  3627 | D:4      | Reached XP level 7. HP: 23/53 MP: 4/7
  3800 | D:4      | Found Xuquhiugh's Book Shop.
  3861 | D:4      | Reached skill level 1 in Dodging
  3931 | D:4      | Bought a scroll of enchant weapon for 82 gold pieces
  3931 | D:4      | Bought a scroll of teleportation for 33 gold pieces
  3931 | D:4      | Bought a potion of curing for 33 gold pieces
  4062 | D:5      | Entered Level 5 of the Dungeon
  4123 | D:5      | Reached skill level 5 in Axes
  4350 | D:5      | Found a bloodstained altar of Trog.
  4350 | D:5      | Found a sparkling altar of Nemelex Xobeh.
  4661 | D:5      | Found a staircase to the Ecumenical Temple.
  4741 | D:5      | Reached skill level 6 in Axes
  4741 | D:5      | Reached skill level 5 in Shields
  4741 | D:5      | Reached XP level 8. HP: 60/60 MP: 6/8
  5213 | D:6      | Reached skill level 1 in Stealth
  5273 | Temple   | Entered the Ecumenical Temple
  5345 | Temple   | Became a worshipper of Warmaster Okawaru
  5959 | D:7      | Reached skill level 7 in Axes
  6123 | D:7      | Reached * piety under Okawaru
  6126 | D:7      | Reached XP level 9. HP: 28/66 MP: 3/9
  6403 | D:7      | Found a bloodstained altar of Trog.
  6404 | D:7      | Noticed Joseph
  6414 | D:7      | Killed Joseph
  6414 | D:7      | Reached skill level 5 in Fighting
  6559 | D:8      | Noticed Pikel
  6577 | D:8      | Killed Pikel
  6577 | D:8      | Reached ** piety under Okawaru
  6577 | D:8      | Reached skill level 8 in Axes
  6595 | D:8      | Found a radiant altar of Vehumet.
  6745 | D:8      | Found a runed gate.
  6745 | D:8      | Found a runed gate.
  6752 | D:8      | Found a runed gate.
  6805 | D:8      | Reached skill level 5 in Armour
  6806 | D:8      | Noticed Psyche
  6936 | D:8      | Noticed Maurice
  6965 | D:8      | HP: 3/68 [vampire/vampiric draining (8)]
  7439 | D:8      | Found a hide-covered altar of Uskayaw.
  7458 | D:8      | Killed Maurice
  7526 | D:8      | Noticed a red ugly thing
  7882 | D:8      | Killed a red ugly thing
  7882 | D:8      | Gained mutation: You have a pair of large horns on your
                  | head. [demonic ancestry]
  7882 | D:8      | Reached XP level 10. HP: 56/76 MP: 7/10
  8005 | D:8      | Found a staircase to the Lair.
  8015 | D:8      | Noticed Harold
  8344 | D:8      | Reached skill level 9 in Axes
  8400 | D:8      | Killed Psyche
  8400 | D:8      | Reached *** piety under Okawaru
  8459 | D:8      | HP: 2/77 [something (7)]
  8460 | D:8      | Mangled by a vampire

Vault maps used:
D:1:      evilmike_arrival_rings, serial_park_tiny_1
D:2:      nicolae_dithmenos_shadow_blocks, uniq_jessica
D:4:      serial_shops, shop, kennysheep_mini_moat, shop, gup_sewer_entry_pipe,
          minivault_24, minmay_unequal
D:5:      minmay_opposing_rooms, gammafunk_temple_overflow_statue,
          minmay_temple_entry_from_below_b, first_ration
D:7:      basic_altar, uniq_joseph
D:8:      minmay_bloctagon_deflated, marbit_many_paths, vehumet_altar_wand_db,
          lair_entry_dummy, basic_altar, gammafunk_ghost_necromancy, uniq_pikel,
          uniq_maurice, uniq_harold, uniq_psyche
Temple:   kb_temple_of_zot
Sewer:    sewer_kobolds

Skill      XL: |  1  2  3  4  5  6  7  8  9 10 |
---------------+-------------------------------+-----
Armour         | 3 4 5 |  5.8
Axes           | 2 3 4 6 7 8 9 |  9.1
Shields        | 3 4 5 6 7 |  7.7
Fighting       | 4 6 |  6.3
Dodging        | 1 2 |  2.2
Stealth        | 1 |  1.5
Invocations    | |  0.4

Action                   |  1- 3 |  4- 6 |  7- 9 | 10-12 || total
-------------------------+-------+-------+-------+-------++-------
Melee: War axe           |   102 |   234 |   394 |    49 ||   779
       Headbutt          |     6 |    37 |    85 |    12 ||   140
Invok: Heroism           |       |       |     3 |     2 ||     5
  Use: Scroll            |       |     9 |     6 |     1 ||    16
       Potion            |       |     1 |     5 |       ||     6
 Stab: Distracted        |       |       |     2 |     2 ||     4
  Eat: Chunk             |     1 |     8 |    19 |     1 ||    29
       Ration            |       |       |       |     1 ||     1
Armor: Scale mail        |    55 |    31 |       |       ||    86
       Plate armour      |       |    97 |     2 |       ||    99
       Chain mail        |       |       |   181 |    34 ||   215
Dodge: Dodged            |    27 |    33 |    42 |     4 ||   106
Block: Shield            |    49 |    71 |       |       ||   120
       Large shield      |       |   161 |   370 |    44 ||   575

Table legend:
 A = Non-vault XP
 B = Vault XP
 C = Vault XP percentage of total XP
 D = Non-vault monster count
 E = Vault monster count
 F = Vault count percentage of total count
                 A         B        C        D         E       F
            +---------+---------+-------+---------+---------+-------
      Total |    3848 |    3143 |  45.0 |     168 |      33 |  16.4
            +---------+---------+-------+---------+---------+-------
        D:1 |     106 |       0 |   0.0 |      29 |       0 |   0.0
        D:2 |     163 |      37 |  18.5 |      36 |       1 |   2.7
        D:3 |      23 |       0 |   0.0 |       9 |       0 |   0.0
        D:4 |     448 |     114 |  20.3 |      20 |      11 |  35.5
        D:5 |     479 |     324 |  40.3 |      14 |       5 |  26.3
        D:6 |     289 |       0 |   0.0 |      12 |       0 |   0.0
        D:7 |     907 |     352 |  28.0 |      26 |       1 |   3.7
        D:8 |    1433 |    2179 |  60.3 |      22 |       7 |  24.1
      Sewer |       0 |     137 | 100.0 |       0 |       8 | 100.0
            +---------+---------+-------+---------+---------+-------
